 Dungeon Crawl Stone Soup version 0.29-a0-356-g7bc237e783 (webtiles) character file.

Game seed: 4714414772323244896

1767 spaghetti the Photosynthesist (level 8, 2/52 HPs)
             Began as a Demonspawn Fire Elementalist on Apr 26, 2022.
             Was an Elder of Fedhas.
             Quit the game on level 7 of the Dungeon.
             The game lasted 00:14:49 (8115 turns).

spaghetti the Photosynthesist (DsFE)                Turns: 8115, Time: 00:14:50

Health: 2/52       AC:  3    Str:  9    XL:     8   Next: 80%
Magic:  1/17       EV: 12    Int: 18    God:    Fedhas [****..]
Gold:   383        SH:  0    Dex: 14    Spells: 9/19 levels left

rFire   . . .      SeeInvis .   S - +0 staff of Battle {staff}
rCold   . . .      Faith    .   (no shield)
rNeg    . . .      Spirit   +   a - +0 robe
rPois   .          Reflect  .   Z - +0 helmet
rElec   .          Harm     .   (no cloak)
rCorr   .          Rampage  .   (no gloves)
Will    .....                   (no boots)
Stlth   ++........              B - amulet of magic regeneration {@e2}
HPRegen 0.17/turn               (no ring)
MPRegen 0.70/turn               (no ring)

@: lethally poisoned (2 -> -12), slowed, very slow
A: magic shield, magic regeneration
a: Renounce Religion, Wall of Briars, Grow Ballistomycete, Overgrow


You were on level 7 of the Dungeon.
You worshipped Fedhas.
Fedhas was greatly pleased with you.
You visited 1 branch of the dungeon, and saw 7 of its levels.

You collected 383 gold pieces.


Innate Abilities, Weirdness & Mutations

When hurt, damage is shared between your health and your magic reserves.
You regenerate magic rapidly.


   Skills:
 - Level 1.7 Dodging
 - Level 1.7 Stealth
 * Level 6.1 Spellcasting
 * Level 4.1 Conjurations
 + Level 6.3 Fire Magic
 + Level 7.3 Invocations


You had 9 spell levels left.
You knew the following spells:

 Your Spells              Type           Power      Damage    Failure   Level
a - Foxfire               Conj/Fire      100%       2x1d9     1%          1
b - Scorch                Fire           56%        2d8       1%          2
c - Inner Flame           Hex/Fire       16%        N/A       10%         3
d - Flame Wave            Conj/Fire      36%        2d9       14%         4

Your spell library contained the following spells:

 Spells                   Type           Power      Damage    Failure   Level
 Conjure Flame            Conj/Fire      36%        6-21      4%          3
 Apportation              Tloc           10%        N/A       12%         1
 Cause Fear               Hex            2%         N/A       75%         4
 Alistair's Intoxication  Tmut/Pois      3%         N/A       97%         5
 Dragon Form              Tmut           2%         N/A       100%        7
 Dragon's Call            Summ           2%         N/A       100%        9

Inventory:

Hand Weapons
 S - the +0 staff of Battle (weapon) {staff}
   (You found it on level 4 of the Dungeon)

   It enhances your conjuration magic.
   It summons a battlesphere in combat, with strength depending on Conjurations
   skill.
   Its strikes trigger the battlesphere's blasts.
Missiles
 l - 166 stones {throwing}
 m - 14 boomerangs {throwing}
 O - a throwing net {=f!fthrowing}
 W - 2 javelins {throwing}
Armour
 a - a +0 robe (worn)
 Z - a +0 helmet (worn)
   (You found it on level 6 of the Dungeon)
Jewellery
 B - an amulet of magic regeneration (around neck) {@e2}
   (You found it on level 3 of the Dungeon)
 Y - an amulet of reflection
   (You found it on level 5 of the Dungeon)
Wands
 T - a wand of paralysis (25)
   (You took it off Ijyb on level 5 of the Dungeon)
Scrolls
 h - 2 scrolls of blinking {!r}
 k - 3 scrolls of teleportation {@r4}
 v - a scroll of enchant armour
 w - a scroll of magic mapping {!r}
 y - 2 scrolls of noise {!r}
 H - a scroll of torment {!r}
 K - a scroll of amnesia {unknown}
 N - a scroll of immolation {unknown}
 R - 2 scrolls of enchant weapon
 V - a scroll of summoning {unknown}
 X - a scroll of holy word {unknown}
Potions
 d - 2 potions of haste {@q3}
 j - a potion of lignification {!q}
 q - a potion of brilliance
 Q - 2 potions of might

Dungeon Overview and Level Annotations

Branches:
Dungeon (7/15)             Temple (0/1) D:5

Altars:
Elyvilon
Fedhas
Ru
Xom

Shops:
D:6

? ### #<# ###.#
#...# #.###
#######.###
#...*##...#
#.##@###..#
#.##y###..# #
#.....o{5##.#..#
####.###o...o.#
o #.# #.####....
#.# #..§§§D.o#
#.# ##.#.§..#.
#.# #.. §.#).
#.# ..l. §.#


You could see a hornet (ally target) and a friendly battlesphere.


Message History

The ball of steam hits your foxfire.
Your foxfire resists.
The ball of steam hits you!!
* * * LOW HITPOINT WARNING * * *
The orc moves out of view.
The orc priest moves out of view.
You hear a croak. 😨 HP[-21] MP[-6]
You take 21 damage, and now have 17/52 hp.
MASSIVE DAMAGE!! (PAUSE)
You lost 6 mp, and now have 5/17 mp.
The foxfire hits the iguana.
You kill the iguana!
Fedhas appreciates your contribution to the ecosystem. 😨 MP[+1] Unknown command. 😨 MP[+1] 😨 MP[+1] 😨 HP[+1] 😨 MP[+1]
Okay, then.
Casting: Foxfire (safe; 1% risk of failure)
Confirm with . or Enter, or press ? or * to list all spells.
You can't see any susceptible monsters within range! (Use Z to cast anyway.)
Casting: Foxfire (safe; 1% risk of failure)
Confirm with . or Enter, or press ? or * to list all spells.
You feel a surge of power!
You conjure some foxfire!
Your battlesphere fires!
The barrage of energy hits the hornet!
Your battlesphere expends the last of its energy and dissipates.
Casting: Foxfire (safe; 1% risk of failure)
Confirm with . or Enter, or press ? or * to list all spells.
You feel a surge of power!
You conjure some foxfire!
You conjure a globe of magical energy.
The foxfire hits the hornet. 😨 MP[-1]
You lost 1 mp, and now have 8/17 mp.
Casting: Foxfire (safe; 1% risk of failure)
Confirm with . or Enter, or press ? or * to list all spells.
You feel a surge of power!
You conjure some foxfire!
The foxfire hits the hornet.
The foxfire hits the hornet but does no damage.
The orc priest casts a cantrip, but nothing happens.
Casting: Foxfire (safe; 1% risk of failure)
Confirm with . or Enter, or press ? or * to list all spells.
You feel a surge of power!
You conjure some foxfire!
The foxfire hits the hornet but does no damage.
The hornet stings you.
* * * LOW HITPOINT WARNING * * *
You are poisoned.
You suddenly lose the ability to move!
The hornet stings you.
* * * LOW HITPOINT WARNING * * *
You shrug off the repeated paralysis!
* * * LOW HITPOINT WARNING * * *
You feel very sick.
The foxfire hits the hornet.
The hornet stings you.
* * * LOW HITPOINT WARNING * * *
You are more poisoned.
You feel yourself slow down.
You feel yourself speed up.
* * * LOW HITPOINT WARNING * * *
You feel very sick. The hornet stings you.
* * * LOW HITPOINT WARNING * * *
You feel yourself slow down. The hornet stings you.
* * * LOW HITPOINT WARNING * * *
You are more poisoned.
You feel as though you will be slow longer.
You can move again. 😱 HP[-16] MP[-5]
You take 16 damage, and now have 2/52 hp.
MASSIVE DAMAGE!! (PAUSE)
You lost 5 mp, and now have 3/17 mp.
You feel much better.
* * * LOW HITPOINT WARNING * * *
You feel extremely sick. The hornet barely misses you.
The orc priest looks satisfied for a moment.
The hornet stings you but does no damage.
You hear a shout! 😨 HP[+17] MP[+1]
You regained 17 hp, and now have 19/52 hp.
Unknown command.
Unknown command.
You feel yourself speed up.
* * * LOW HITPOINT WARNING * * *
You feel extremely sick. The hornet stings you!
* * * LOW HITPOINT WARNING * * *
You feel yourself slow down. 😱 HP[-17] MP[-3]
You take 17 damage, and now have 2/52 hp.
MASSIVE DAMAGE!! (PAUSE)
You lost 3 mp, and now have 1/17 mp.
Unknown command.
Okay, then.
Okay, then.
You are lethally poisoned (2 -> -12).
You are slowed.
Your movement speed is very slow.
Your attack delay is about 1.8.
Are you sure you want to abandon this character and quit the game? (Confirm with "yes".)

Skill      XL: |  1  2  3  4  5  6  7  8 |
---------------+-------------------------+-----
Fire Magic     | 3 4 5 6 |  6.3
Invocations    | 2 3 5 6 7 |  7.3
Spellcasting   | 3 4 5 6 |  6.1
Conjurations   | 4 |  4.1
Dodging        | |  1.7
Stealth        | |  1.7

Action                   |  1- 3 |  4- 6 |  7- 9 || total
-------------------------+-------+-------+-------++-------
Melee: Unarmed           |    83 |       |       ||    83
       Mace              |       |     2 |       ||     2
       Trident           |       |       |     3 ||     3
Throw: Boomerang         |       |       |     2 ||     2
 Cast: Foxfire           |    45 |    18 |   102 ||   165
       Scorch            |    29 |    54 |    28 ||   111
       Inner Flame       |       |       |     7 ||     7
       Flame Wave        |       |       |     5 ||     5
Evoke: Wand              |       |       |     1 ||     1
  Use: Potion            |     6 |     1 |     1 ||     8
       Scroll            |     5 |     1 |     2 ||     8
 Stab: Distracted        |       |       |     1 ||     1
Armor: Robe              |    20 |     6 |     3 ||    29
       Skin              |    15 |     2 |       ||    17
Dodge: Dodged            |    80 |    47 |    28 ||   155

Levels and vault maps discovered:
D:1:      nzn_arrival_crosshair, layout_loops_ring,
          dreamdust_ecumenical_altar_statues
D:2:      layout_loops_ring, minmay_goblin_kobold_house
D:3:      layout_rooms, nicolae_ru_awakened_eye, grunt_ministairs_8,
          uniq_terence
D:4:      dreamdust_elfheim, layout_basic, uniq_sigmund
D:5:      layout_basic, mainiacjoe_overflow_24_doors,
          mainiacjoe_overflow_brackets, amcnicky_altar_gilded,
          minmay_temple_entry_butterflies, nrook_mini_vaults, uniq_ijyb,
          uniq_duvessa
D:6:      layout_loops_corners, serial_shops, shop
D:7:      cheibrodos_fzero, layout_basic

Notes
Turn   | Place    | Note
-------+----------+-------------------------------------------
     0 | D:1      | spaghetti the Demonspawn Fire Elementalist began the quest
                  | for the Orb.
     0 | D:1      | Reached XP level 1. HP: 13/13 MP: 3/3
     0 | D:1      | magus.rc [v1.9.6]
   147 | D:1      | Reached skill level 3 in Fire Magic
   277 | D:1      | Gained mutation: You regenerate magic rapidly. [demonic
                  | ancestry]
   277 | D:1      | Reached XP level 2. HP: 7/19 MP: 1/5
   841 | D:1      | Found a faded altar of an unknown god.
   851 | D:1      | Prayed at the altar of an unknown god.
   851 | D:1      | Became a worshipper of Fedhas Madash
   851 | D:1      | Reached * piety under Fedhas
  1214 | D:1      | Learned a level 2 spell: Scorch
  1539 | D:2      | Reached XP level 3. HP: 17/24 MP: 4/6
  1543 | D:2      | Learned a level 3 spell: Inner Flame
  1635 | D:2      | Reached skill level 1 in Invocations
  1651 | D:2      | You pick up a book of Party Tricks and begin reading...
  1651 | D:2      | You add the spells Apportation and Alistair's Intoxication
                  | to your library.
  2287 | D:3      | Reached ** piety under Fedhas
  2297 | D:3      | HP: 6/24 [jackal (2)]
  2333 | D:3      | Found a sacrificial altar of Ru.
  2383 | D:3      | You pick up a book of the Dragon and begin reading...
  2383 | D:3      | You add the spells Cause Fear, Dragon Form and Dragon's
                  | Call to your library.
  2590 | D:3      | HP: 8/36 [something/magic dart (3)]
  2607 | D:3      | Reached skill level 4 in Fire Magic
  2607 | D:3      | Reached skill level 2 in Invocations
  2607 | D:3      | Reached XP level 4. HP: 12/30 MP: 7/7
  3025 | D:3      | Noticed Terence
  3032 | D:3      | Killed Terence
  3036 | D:3      | Identified the +7 mace "Loroces" {vorpal, rN+ Dex+3}
  3388 | D:3      | Reached XP level 5. HP: 18/35 MP: 4/9
  3547 | D:3      | HP: 5/35 [gnoll/+0 whip (6)]
  3550 | D:3      | Reached skill level 3 in Invocations
  3824 | D:3      | Reached skill level 3 in Spellcasting
  3824 | D:3      | HP: 4/35 [orc wizard/puff of flame (6)]
  4355 | D:3      | Reached XP level 6. HP: 31/41 MP: 7/11
  4476 | D:3      | Reached skill level 4 in Invocations
  4718 | D:4      | Reached *** piety under Fedhas
  4810 | D:4      | Noticed Sigmund
  4817 | D:4      | Killed Sigmund
  4818 | D:4      | Reached skill level 4 in Spellcasting
  4818 | D:4      | Reached skill level 5 in Fire Magic
  4818 | D:4      | Reached skill level 5 in Invocations
  4818 | D:4      | Gained mutation: When hurt, damage is shared between your
                  | health and your magic reserves. [demonic ancestry]
  4818 | D:4      | Reached XP level 7. HP: 46/46 MP: 7/13
  4830 | D:4      | Identified the +10 trident of Tomorrow {vorpal, Str+6}
  5125 | D:4      | Noticed Duvessa
  5128 | D:4      | Noticed Dowan
  5132 | D:4      | Killed Duvessa
  5136 | D:4      | Killed Dowan
  5355 | D:4      | Found the +0 staff of Battle
  5371 | D:4      | Learned a level 4 spell: Flame Wave
  5551 | D:5      | Entered Level 5 of the Dungeon
  5564 | D:5      | Noticed Ijyb
  5572 | D:5      | Killed Ijyb
  5740 | D:5      | Found a staircase to the Ecumenical Temple.
  5743 | D:5      | Reached skill level 6 in Invocations
  6509 | D:5      | Reached skill level 5 in Spellcasting
  6509 | D:5      | Reached XP level 8. HP: 52/52 MP: 13/15
  6535 | D:5      | Found a blossoming altar of Fedhas.
  6555 | D:5      | Reached **** piety under Fedhas
  6556 | D:5      | Reached skill level 2 in Conjurations
  6884 | D:5      | Found a shimmering altar of Xom.
  7144 | D:6      | Found Qureozat's Magic Scroll Shoppe.
  7223 | D:6      | Reached skill level 6 in Fire Magic
  7265 | D:6      | Reached skill level 3 in Conjurations
  7266 | D:6      | Reached skill level 7 in Invocations
  7699 | D:6      | Reached skill level 6 in Spellcasting
  7699 | D:6      | Reached skill level 4 in Conjurations
  8100 | D:7      | Noticed a hornet
  8110 | D:7      | Paralysed by a hornet for 3 turns
  8111 | D:7      | HP: 13/52 [poisoned by a hornet]
  8112 | D:7      | HP: 5/52 [poisoned by a hornet]
  8112 | D:7      | HP: 2/52 [hornet (1)]
  8115 | D:7      | Quit the game

Vanquished Creatures
  Sigmund (D:4)
  A water moccasin (D:6)
  Duvessa (D:4)
  2 sky beasts (D:6)
  2 centaurs
  A bullfrog (D:6)
  A necrophage (D:6)
  A scorpion (D:5)
  Dowan (D:4)
  2 howler monkeys
  A hound (D:5)
  A gnoll shaman (D:4)
  2 jellies
  4 iguanas
  Ijyb (D:5)
  Terence (D:3)
  2 orc wizards (D:3)
  27 gnolls
  6 adders
  A shadow imp (D:6)
  A white imp (D:6)
  A worm (D:2)
  A dart slug (D:4)
  11 orcs
  7 ball pythons
  7 endoplasms
  A giant cockroach (D:2)
  12 hobgoblins
  13 jackals
  3 quokkas
  2 bats
  2 frilled lizards
  9 goblins
  6 kobolds
  3 rats
  2 butterflies (D:5)
140 creatures vanquished.

Vanquished Creatures (others)
  230 foxfires
230 creatures vanquished.

Grand Total: 370 creatures vanquished

Table legend:
 A = Non-vault XP
 B = Vault XP
 C = Vault XP percentage of total XP
 D = Non-vault monster count
 E = Vault monster count
 F = Vault count percentage of total count
                 A         B        C        D         E       F
            +---------+---------+-------+---------+---------+-------
      Total |    1920 |     605 |  24.0 |     123 |      15 |  10.9
            +---------+---------+-------+---------+---------+-------
        D:1 |      31 |       0 |   0.0 |      18 |       0 |   0.0
        D:2 |      27 |       6 |  18.2 |      14 |       3 |  17.6
        D:3 |     299 |      46 |  13.3 |      37 |       6 |  14.0
        D:4 |     220 |     439 |  66.6 |      20 |       3 |  13.0
        D:5 |     450 |      36 |   7.4 |      20 |       1 |   4.8
        D:6 |     893 |       0 |   0.0 |      14 |       0 |   0.0
        D:7 |       0 |      78 | 100.0 |       0 |       2 | 100.0
            +---------+---------+-------+---------+---------+-------

Illustrated notes

Table legend:
 A = Kills in this place as a percentage of kills in entire the game.
 B = Kills by you in this place as a percentage of kills by you in the entire game.
 C = Kills by friends in this place as a percentage of kills by friends in the entire game.
 D = Other kills in this place as a percentage of other kills in the entire game.
 E = Experience gained in this place as a percentage of experience gained in the entire game.
 F = Experience gained in this place divided by the number of levels of this place that you have seen.
                   A       B       C       D       E      F
               +-------+-------+-------+-------+-------+----------------------
         Total | 100.0 | 100.0 |   N/A |   N/A | 100.0 | 360.7
       Dungeon | 100.0 | 100.0 |   N/A |   N/A | 100.0 | 360.7
               +-------+-------+-------+-------+-------+----------------------

Table legend: (Time is in decaauts)
 A = Elapsed time spent in this place.
 B = Non-inter-level travel time spent in this place.
 C = Inter-level travel time spent in this place.
 D = Time resting spent in this place.
 E = Time spent auto-exploring this place.
 F = Levels seen in this place.
 G = Mean time per level.
                   A        B        C        D        E       F      G
               +--------+--------+--------+--------+--------+-----+--------+
         Total |   8111 |   7924 |    187 |   2161 |   4819 |   7 | 1158.7 |
       Dungeon |   8111 |   7924 |    187 |   2161 |   4819 |   7 | 1158.7 |
               +--------+--------+--------+--------+--------+-----+--------+

Top non-repeatable levels by time:
     D:3: 2411 daAuts
     D:5: 1404 daAuts
     D:1: 1373 daAuts
     D:6: 1112 daAuts
     D:4: 881 daAuts
     D:2: 880 daAuts
     D:7: 47 daAuts
